 Dungeon Crawl Stone Soup version 0.25-a0-36-g303dd5b1f4 (webtiles) character file.

Game seed: 16816773330009079961, levelgen mode: deterministic

40211 dannynz the Severer (level 13, -2/125 HPs)
             Began as a Minotaur Berserker on Oct 19, 2019.
             Was a High Priest of Trog.
             Slain by Rupert
             ... wielding a +2 triple sword of slicing
              (9 damage)
             ... on level 5 of the Lair of Beasts on Oct 20, 2019.
             The game lasted 01:38:56 (14762 turns).

dannynz the Severer (Minotaur Berserker)           Turns: 14762, Time: 01:38:57

Health: -2/125     AC: 17    Str: 29    XL:     13   Next: 73%
Magic:  12/12      EV: 12    Int:  4    God:    Trog [*****.]
Gold:   750        SH:  0    Dex: 14    Spells: 12/12 levels left

rFire    . . .     SeeInvis .   F - +3 executioner's axe (chop)
rCold    . . .     Gourm    .   (shield currently unavailable)
rNeg     . . .     Faith    .   P - +0 scale mail of Gino {Str+4 Dex+2 Slay+6} (curse)
rPois    +         Spirit   .   (helmet restricted)
rElec    .         Reflect  .   u - scarf {repulsion}
rCorr    .         Harm     .   x - +4 pair of gloves of Makhleb's Delight {rPois Dex+3}
MR       +....                  w - +0 pair of boots
Stlth    +.........             r - amulet of regeneration
HPRegen  0.70/turn              M - -3 ring of dexterity (curse)
MPRegen  0.13/turn              I - ring of protection from magic

@: about to teleport, repel missiles
A: retaliatory headbutt, horns 2
a: Berserk, Trog's Hand, Brothers in Arms, Renounce Religion


You were on level 5 of the Lair of Beasts.
You worshipped Trog.
Trog was extremely pleased with you.
You were near starving.

You visited 3 branches of the dungeon, and saw 18 of its levels.
You also visited: Bailey.

You collected 750 gold pieces.

Inventory:

Hand Weapons
 F - a +3 executioner's axe of chopping (weapon)
 G - a +4 battleaxe of electrocution
 L - a +2 dire flail
 Q - a +4 antimagic battleaxe
Armour
 d - a +0 plate armour
 f - a +0 shield
 u - a scarf of repulsion (worn)
 w - a +0 pair of boots (worn)
 x - the +4 pair of gloves of Makhleb's Delight (worn) {rPois Dex+3}
   (You found it on level 5 of the Dungeon)

   It affects your dexterity (+3).
   It protects you from poison.
 P - the cursed +0 scale mail of Gino (worn) {Str+4 Dex+2 Slay+6}
   (You found it on level 4 of the Lair of Beasts)

   It affects your strength (+4).
   It affects your dexterity (+2).
   It affects your accuracy and damage with ranged weapons and melee attacks
   (+6).
   It has a curse placed upon it.
Jewellery
 r - an amulet of regeneration (around neck)
 y - an uncursed ring of fire
 I - a ring of protection from magic (right hand)
 M - a cursed -3 ring of dexterity (left hand)
Wands
 a - a wand of enslavement (18)
 i - a wand of scattershot (7)
 v - a wand of polymorph (6)
 H - a wand of flame (9)
 J - a wand of iceblast (19)
Scrolls
 g - 4 scrolls of teleportation
 k - 3 scrolls of enchant armour
 m - a scroll of enchant weapon
 n - a scroll of silence
 q - 2 scrolls of magic mapping
 D - 4 scrolls of immolation
 K - 4 scrolls of remove curse
 N - 2 scrolls of identify
 O - a scroll of acquirement {unknown}
Potions
 b - a potion of cancellation {unknown}
 e - 5 potions of flight
 h - 2 potions of lignification
 j - 2 potions of invisibility
 l - 2 potions of curing
 o - 3 potions of might
 p - a potion of degeneration {unknown}
 s - 2 potions of haste {unknown}
 t - 3 potions of brilliance
 z - 3 potions of berserk rage {unknown}
 A - a potion of heal wounds {unknown}
 B - 2 potions of magic
 C - 2 potions of agility {unknown}
 E - a potion of mutation {unknown}
Comestibles
 c - 23 rations


   Skills:
 - Level 14.8 Fighting
 + Level 18.2 Axes
 * Level 14.2 Armour
 - Level 3.2 Dodging
 - Level 2.0 Stealth
 - Level 1.0 Unarmed Combat
 - Level 0.1 Evocations


You had 12 spell levels left.
You didn't know any spells.
Your spell library contained the following spells:

 Spells                   Type           Power        Failure   Level  Hunger
 Sting                    Conj/Pois      #...         69%         1    ##.....
 Poisonous Vapours        Pois/Air       #.....       83%         2    ###....
 Mephitic Cloud           Conj/Pois/Air  #.......     96%         3    ####...
 Olgreb's Toxic Radiance  Pois           #.......     100%        4    #####..
 Venom Bolt               Conj/Pois      #.........   100%        5    ######.


Dungeon Overview and Level Annotations

Branches:
Dungeon (11/15)            Temple (1/1) D:4            Lair (6/6) D:11
  Swamp (0/4) Lair:4       Spider (0/4) Lair:3        Slime (0/5) Lair:6
 Bailey (visited)
    Orc: D:9-12

Altars:
Ashenzari
Cheibriados
Dithmenos
Elyvilon
Fedhas
Gozag
Hepliaklqana
Kikubaaqudgha
Makhleb
Nemelex Xobeh
Okawaru
Qazlal
Ru
Sif Muna
Trog
Uskayaw
Vehumet
Wu Jian
Xom
Yredelemnul
Zin
The Shining One
Jiyva

Shops:
D:2 *   D:6 *

Annotations:
D:9 Maurice
Lair:5 1 runed translucent door, Cofemuv's ghost, journeyman NaFi; Rupert


Innate Abilities, Weirdness & Mutations

You reflexively headbutt those who attack you in melee.
You have a pair of horns on your head.


Message History

Rupert hits your deep troll with a +2 triple sword of slicing!!!
Your deep troll dies!
Your deep troll's corpse disappears in a puff of smoke!
Rupert shouts!
You cut the death yak into ribbons!!!
The death yak is heavily wounded.
You hear a trumpeting! x2
An elephant comes into view.
The death yak gores you!!
* * * LOW HITPOINT WARNING * * *
As you read the scroll of teleportation, it crumbles to dust.
You feel strangely unstable.
Rupert hits you with a +2 triple sword of slicing.
* * * LOW HITPOINT WARNING * * *
x2 The death yak gores you!
* * * LOW HITPOINT WARNING * * *
An elephant comes into view.
The elephant trumpets!
Rupert hits you with a +2 triple sword of slicing!
You die...

### ####...(.#.
...##.#...Y....
.............#
.......Y.....
##......... #........#
##.......# #.....@..#
##. #....!.Y@.+.....
P.......>...).⌠.
................
..........#.....
...........#....
...........#####
............
............#..........


You could see Rupert (berserk), a death yak and 2 elephants.

Vanquished Creatures
  2 hydras
  4 death yaks (Lair:5)
  A skeletal warrior (D:11)
  An unseen horror (D:11)
  An orc knight (Bailey)
  An ugly thing (D:11)
  A cyclops (D:11)
  The ghost of funkygono the Magician, a novice FoVM (D:6)
  A manticore (Lair:4)
  2 elephants
  3 black mambas
  10 spiny frogs
  4 rime drakes
  7 komodo dragons
  3 meliai (Lair:4)
  5 jumping spiders (Lair:3)
  A queen bee (Lair:4)
  A polar bear (Lair:5)
  3 trolls
  3 blink frogs
  7 dream sheep
  13 hippogriffs
  A wraith (D:11)
  5 redbacks (Lair:3)
  A wyvern (Lair:1)
  A vampire (D:11)
  38 yaks
  A hungry ghost (D:10)
  3 basilisks
  A soldier ant (D:11)
  7 water moccasins
  A swamp worm (Lair:4)
  7 porcupines
  3 sky beasts
  7 orc warriors
  3 phantoms
  3 ice beasts (D:6)
  7 wolves
  11 centaurs
  5 ogres
  Blork the orc (D:5)
  10 crocodiles
  14 bullfrogs
  7 scorpions
  29 killer bees (Lair:4)
  5 wights (D:11)
  3 bullfrog zombies
  2 howler monkeys
  A centaur zombie (D:6)
  6 orc priests
  2 jellies
  9 hounds
  A quasit (D:10)
  2 bullfrog skeletons (D:9)
  A centaur skeleton (D:9)
  8 orc wizards
  4 iguanas
  3 worker ants
  A hound skeleton (D:5)
  A howler monkey zombie (D:11)
  4 worker ant zombies
  Robin (D:2)
  4 gnolls
  A howler monkey skeleton (D:8)
  12 adders
  2 shadow imps
  3 white imps (D:6)
  An ooze (D:6)
  2 worms
  5 dart slugs
  An adder simulacrum (D:6)
  10 leopard geckos
  28 orcs
  5 giant cockroaches
  18 goblins
  10 hobgoblins
  12 jackals
  8 kobolds
  5 quokkas
  2 ball pythons
  7 bats
  5 frilled lizards
  A leopard gecko simulacrum (D:6)
  3 quokka skeletons
  6 rats
  3 fungi
  3 plants
452 creatures vanquished.

Vanquished Creatures (collateral kills)
  A hydra (Lair:4)
  A death yak (Lair:6)
  2 elephants (Lair:5)
  3 blink frogs (Lair:5)
  5 dream sheep (Lair:5)
  A hippogriff (Lair:5)
  A swamp worm (Lair:4)
  2 orc warriors (Bailey)
  A crocodile (Lair:4)
  A gnoll (Bailey)
  2 goblins (Bailey)
20 creatures vanquished.

Vanquished Creatures (others)
  A fungus (Lair:3)
  6 plants
7 creatures vanquished.

Grand Total: 479 creatures vanquished

Notes
Turn   | Place    | Note
-------+----------+-------------------------------------------
     0 | D:1      | dannynz the Minotaur Berserker began the quest for the Orb.
     0 | D:1      | Reached XP level 1. HP: 19/19 MP: 0/0
   194 | D:1      | Reached skill level 4 in Axes
   194 | D:1      | Reached XP level 2. HP: 23/27 MP: 1/1
   319 | D:1      | Found a shimmering altar of Xom.
   925 | D:2      | Reached XP level 3. HP: 33/33 MP: 2/2
  1125 | D:2      | Found a shimmering blue altar of Sif Muna.
  1169 | D:2      | Found a faded altar of an unknown god.
  1229 | D:2      | Reached ** piety under Trog
  1326 | D:2      | Noticed Robin
  1339 | D:2      | Killed Robin
  1339 | D:2      | Reached XP level 4. HP: 38/41 MP: 3/3
  1480 | D:2      | Reached skill level 5 in Axes
  1943 | D:2      | Found Gozag's Platinum Reserve.
  2014 | D:2      | Found an opulent altar of Gozag.
  2345 | D:3      | Found a sacrificial altar of Ru.
  2355 | D:3      | Noticed an ogre
  2363 | D:3      | Killed an ogre
  2363 | D:3      | Reached skill level 1 in Stealth
  2363 | D:3      | Reached XP level 5. HP: 45/47 MP: 4/4
  2535 | D:3      | Reached skill level 6 in Axes
  2694 | D:3      | Reached *** piety under Trog
  2694 | D:3      | Reached XP level 6. HP: 54/55 MP: 5/5
  2872 | D:4      | Reached skill level 5 in Fighting
  2880 | D:4      | Found a stormy altar of Qazlal.
  3128 | D:4      | Reached skill level 7 in Axes
  3195 | D:4      | Found a staircase to the Ecumenical Temple.
  3259 | Temple   | Entered the Ecumenical Temple
  3644 | D:4      | Reached XP level 7. HP: 46/61 MP: 6/6
  4086 | D:4      | Found a glowing silver altar of Zin.
  4212 | D:5      | Entered Level 5 of the Dungeon
  4338 | D:5      | Got a pair of faintly humming gloves
  4344 | D:5      | Identified the +4 pair of gloves of Makhleb's Delight
                  | {rPois Dex+3} (You found it on level 5 of the Dungeon)
  4587 | D:5      | Noticed Blork the orc
  4699 | D:5      | Killed Blork the orc
  4699 | D:5      | Reached skill level 8 in Axes
  4834 | D:5      | Found a bloodstained altar of Trog.
  5004 | D:5      | Reached skill level 5 in Armour
  5146 | D:6      | Found a runed translucent gate.
  5146 | D:6      | Found a runed translucent gate.
  5146 | D:6      | Found a runed translucent gate.
  5175 | D:6      | Noticed funkygono's ghost (novice FoVM)
  5204 | D:6      | Killed funkygono's ghost
  5204 | D:6      | Reached skill level 9 in Axes
  5204 | D:6      | Reached XP level 8. HP: 68/68 MP: 7/7
  5206 | D:6      | Reached **** piety under Trog
  5428 | D:6      | Reached skill level 10 in Axes
  5549 | D:6      | Found Iptam's Assorted Antiques.
  6095 | D:7      | Reached XP level 9. HP: 72/74 MP: 8/8
  6097 | D:7      | Received a gift from Trog
  6215 | D:7      | Reached skill level 11 in Axes
  6327 | D:7      | Noticed a troll
  6328 | D:7      | Upgraded the game from 0.25-a0-35-g747a2b3c0c to
                  | 0.25-a0-36-g303dd5b1f4
  6335 | D:7      | Killed a troll
  6648 | D:8      | Reached skill level 12 in Axes
  6716 | D:8      | Found a hazy altar of Hepliaklqana.
  6789 | D:8      | Found a glowing golden altar of the Shining One.
  6972 | D:8      | Reached ***** piety under Trog
  7002 | D:8      | Reached skill level 10 in Armour
  7239 | D:9      | Reached XP level 10. HP: 65/81 MP: 9/9
  7324 | D:9      | Noticed Maurice
  7539 | D:9      | Reached skill level 13 in Axes
  7939 | D:10     | Entered Level 10 of the Dungeon
  7992 | D:10     | Received a gift from Trog
  8005 | D:10     | Found a flagged portal.
  8022 | Bailey   | Entered a bailey
  8058 | Bailey   | Noticed an orc knight
  8065 | Bailey   | Killed an orc knight
  8408 | D:10     | Reached skill level 14 in Axes
  8824 | D:11     | Found a staircase to the Lair.
  8841 | D:10     | Reached skill level 1 in Unarmed Combat
  9149 | D:11     | Noticed a cyclops
  9161 | D:11     | Killed a cyclops
  9161 | D:11     | Reached XP level 11. HP: 36/88 MP: 10/10
  9257 | D:11     | Noticed a cyan ugly thing
  9257 | D:11     | Noticed a skeletal warrior
  9282 | D:11     | Killed a cyan ugly thing
  9282 | D:11     | Reached skill level 15 in Axes
  9291 | D:11     | Killed a skeletal warrior
  9475 | D:11     | Killed an unseen horror
 10036 | D:11     | Found a sacrificial altar of Ru.
 10417 | Lair:1   | Entered Level 1 of the Lair of Beasts
 10573 | Lair:1   | Received a gift from Trog
 11222 | Lair:2   | Reached skill level 10 in Fighting
 11256 | Lair:2   | Reached XP level 12. HP: 101/106 MP: 11/11
 12108 | Lair:3   | Found a hole to the Spider Nest.
 12632 | Lair:3   | You fall into a shaft and drop 1 floor!
 12811 | Lair:4   | Got a faintly humming scale mail
 12822 | Lair:4   | Identified the cursed +0 scale mail of Gino {Str+4 Dex+2
                  | Slay+6} (You found it on level 4 of the Lair of Beasts)
 13128 | Lair:4   | Reached ****** piety under Trog
 13564 | Lair:4   | Received a gift from Trog
 13634 | Lair:4   | Reached skill level 16 in Axes
 13634 | Lair:4   | Reached XP level 13. HP: 119/125 MP: 12/12
 13871 | Lair:4   | Found a staircase to the Swamp.
 14144 | Lair:5   | Found a runed translucent door.
 14144 | Lair:5   | Found a shimmering altar of Xom.
 14144 | Lair:5   | Noticed Cofemuv's ghost (journeyman NaFi)
 14343 | Lair:5   | Reached skill level 17 in Axes
 14581 | Lair:5   | Received a gift from Trog
 14584 | Lair:5   | Reached skill level 18 in Axes
 14590 | Lair:5   | You fall into a shaft and drop 1 floor!
 14590 | Lair:6   | Entered Level 6 of the Lair of Beasts
 14590 | Lair:6   | Found a staircase to the Slime Pits.
 14590 | Lair:6   | Found a viscous altar of Jiyva.
 14730 | Lair:6   | Noticed Rupert
 14761 | Lair:5   | HP: 6/125 [death yak (12)]
 14762 | Lair:5   | Slain by Rupert

Levels and vault maps discovered:
D:1:      erik_arrival_blinker_ship, layout_basic, hangedman_feature_mirror,
          chequers_serial_rivers_room_a, xom_teletrap_fun
D:2:      kb_forest_paths, layout_basic, nicolae_gozag_zags_fifth_avenue,
          led_sif_pool, chequers_ecumenical_altar_simple_redux,
          grunt_ministairs_1, uniq_robin
D:3:      layout_rooms, lemuel_doored_altar
D:4:      layout_basic, grunt_qazlal_clouds, kennysheep_mini_moat, temple_hall,
          serial_forest, infiniplex_forest_clump_medium,
          infiniplex_forest_lined_4_way, infiniplex_forest_clump_diagonal,
          infiniplex_forest_straight_3, infiniplex_forest_lined_4_way,
          infiniplex_forest_diagonal, infiniplex_forest_clump_long,
          infiniplex_forest_clump_long, infiniplex_forest_clump_cross,
          infiniplex_forest_zigzag_2, first_ration
D:5:      layout_cave_pods, bloody_trog, uniq_blork_the_orc
D:6:      layout_loops_cross, gammafunk_ghost_icy, serial_shops,
          nicolae_shop_overgrown_old_shop
D:7:      layout_basic
D:8:      layout_gridville, tso_oasis_becter, lemuel_crystal_altar
D:9:      layout_roguey, minmay_hedge_maze, uniq_maurice
D:10:     layout_cave_pods, enter_bailey_3, grunt_ogre_cave
D:11:     minmay_opposing_rooms, layout_basic, david_lair_generic,
          lemuel_tele_altar
Temple:   eino_temple_water
Lair:1:   layout_chaotic_city, grunt_megastairs_3
Lair:2:   layout_regular_city, grunt_megastairs_2
Lair:3:   layout_roguey, nicolae_spider_entry_tight_spaces
Lair:4:   regret_index_wax_grids, layout_regular_city, palyth_hydra_swamp_entry
Lair:5:   layout_cave_shapes, ebering_ghost_xom, grunt_megastairs_1
Lair:6:   minmay_lair_end_enchanted_forest, layout_misc_corridors,
          slime_altar_1, gauntlet_entry_generic, st_stairs_11,
          serial_bayou_shore_b, infiniplex_staircase_pool, uniq_rupert,
          uniq_urug

Skill      XL: |  1  2  3  4  5  6  7  8  9 10 11 12 13 |
---------------+----------------------------------------+-----
Axes           | 4 5 6 7 9 10 12 14 15 16 18 | 18.2
Fighting       | 4 5 10 14 | 14.8
Stealth        | 1 2 |  2.0
Dodging        | 3 |  3.2
Armour         | 3 6 8 10 12 13 14 | 14.2
Unarmed Combat | 1 |  1.0
Evocations     | |  0.1

Action                   |  1- 3 |  4- 6 |  7- 9 | 10-12 | 13-15 || total
-------------------------+-------+-------+-------+-------+-------++-------
Melee: Hand axe          |    70 |    26 |       |       |       ||    96
       Headbutt          |    10 |    19 |    54 |    83 |    38 ||   204
       War axe           |       |    68 |   242 |   123 |       ||   433
       Battleaxe         |       |       |       |   167 |       ||   167
       Unarmed           |       |       |       |    17 |       ||    17
       Executioner's axe |       |       |       |   213 |   117 ||   330
       Dire flail        |       |       |       |       |     9 ||     9
Invok: Berserk           |     1 |     1 |     2 |     2 |       ||     6
       Trog's Hand       |       |       |     1 |       |       ||     1
       Brothers in Arms  |       |       |       |     1 |     5 ||     6
Evoke: Wand              |       |       |       |     2 |       ||     2
  Use: Scroll            |     1 |     3 |     5 |    12 |     3 ||    24
       Potion            |       |       |       |     1 |     1 ||     2
 Stab: Sleeping          |       |     1 |     1 |       |       ||     2
       Distracted        |       |       |       |     2 |       ||     2
  Eat: Chunk             |     1 |     8 |    11 |    15 |     3 ||    38
       Ration            |       |       |     1 |     3 |       ||     4
Armor: Animal skin       |    12 |     2 |       |       |       ||    14
       Ring mail         |       |    19 |    42 |       |       ||    61
       Scale mail        |       |       |    36 |    35 |    57 ||   128
       Plate armour      |       |       |    35 |   444 |       ||   479
Dodge: Dodged            |    50 |    54 |   117 |   355 |    72 ||   648
       Deflected         |       |       |     5 |   108 |       ||   113

Table legend:
 A = Non-vault XP
 B = Vault XP
 C = Vault XP percentage of total XP
 D = Non-vault monster count
 E = Vault monster count
 F = Vault count percentage of total count
                 A         B        C        D         E       F
            +---------+---------+-------+---------+---------+-------
      Total |   36258 |   21187 |  36.9 |     331 |     135 |  29.0
            +---------+---------+-------+---------+---------+-------
        D:1 |      34 |       6 |  15.0 |      15 |       2 |  11.8
        D:2 |      62 |      42 |  40.4 |      27 |      15 |  35.7
        D:3 |     251 |       0 |   0.0 |      20 |       0 |   0.0
        D:4 |     363 |       0 |   0.0 |       8 |       0 |   0.0
        D:5 |     334 |     100 |  23.0 |      19 |       1 |   5.0
        D:6 |     745 |     776 |  51.0 |      14 |       8 |  36.4
        D:7 |    1131 |       0 |   0.0 |      25 |       0 |   0.0
        D:8 |    1294 |       0 |   0.0 |      21 |       0 |   0.0
        D:9 |    1261 |       0 |   0.0 |      29 |       0 |   0.0
       D:10 |    1022 |     632 |  38.2 |      11 |       8 |  42.1
       D:11 |    3786 |    3335 |  46.8 |      34 |      10 |  22.7
     Lair:1 |    4385 |     733 |  14.3 |      23 |       2 |   8.0
     Lair:2 |    2682 |     450 |  14.4 |      11 |       4 |  26.7
     Lair:3 |     798 |    2607 |  76.6 |       7 |      10 |  58.8
     Lair:4 |    4359 |   11002 |  71.6 |      20 |      57 |  74.0
     Lair:5 |   11768 |     350 |   2.9 |      41 |       1 |   2.4
     Lair:6 |    1983 |     105 |   5.0 |       6 |       1 |  14.3
     Bailey |       0 |    1049 | 100.0 |       0 |      16 | 100.0
            +---------+---------+-------+---------+---------+-------
